 Dungeon Crawl Stone Soup version 0.31-a0-233-g139696dc86 (webtiles) character file.

Game seed: 12401360701254880238

72 qw the Shooter (level 4, -1/26 HPs)
             Began as a Gargoyle Hexslinger on July 9, 2023.
             Slain by an orc wizard
             ... wielding a +0 dagger
              (3 damage)
             ... on level 3 of the Dungeon.
             The game lasted 00:00:35 (2102 turns).

qw the Shooter (Gargoyle Hexslinger)                Turns: 2102, Time: 00:00:36

Health: -1/26      AC:  5    Str: 12    XL:     4   Next: 26%
Magic:  5/5        EV: 12    Int: 13    God:
Gold:   116        SH:  0    Dex: 14    Spells: 4/5 levels left

rFire   . . .        Y - +2 sling
rCold   + . .        (no shield)
rNeg    + . .        j - +0 robe {rC+}
rPois   inf          (no helmet)
rElec   +            (no cloak)
rCorr   .            (no gloves)
SInv    .            (no boots)
Will    .....        (no amulet)
Stlth   +            (no ring)
HPRegen 0.24/turn    (no ring)
MPRegen 0.09/turn

%: no passive effects
@: confused
A: sickness immunity, AC +3, negative energy resistance 1, electricity
resistance, torment resistance 1, petrification resistance
a: no special abilities


You were on level 3 of the Dungeon.
You visited 1 branch of the dungeon, and saw 3 of its levels.

You collected 116 gold pieces.


Innate Abilities, Weirdness & Mutations

You are immune to sickness and miasma.
Your stone body is resilient. (AC +3)
You are immune to poison.
You resist negative energy. (rN+)
You are resistant to electric shocks. (rElec)
You are resistant to unholy torment.
You are immune to petrification.


   Skills:
 - Level 2.0 Fighting
 + Level 4.1 Ranged Weapons
 - Level 1.5 Dodging
 - Level 1.0 Spellcasting
 - Level 2.6 Hexes


You had 4 spell levels left.
You knew the following spells:

 Your Spells              Type           Power      Damage    Failure   Level
a - Slow                  Hex            28%        N/A       10%         1

Your spell library contained the following spells:

 Spells                   Type           Power      Damage    Failure   Level
 Inner Flame              Hex/Fire       4%         N/A       43%         3
 Portal Projectile        Hex/Tloc       8%         N/A       43%         3
 Cause Fear               Hex            3%         N/A       67%         4

Inventory:

Hand Weapons
 Y - a +2 sling (weapon)
Armour
 e - a +0 ring mail
 j - a +0 robe of cold resistance (worn)
Potions
 a - a potion of degeneration {unknown}
 b - a potion of enlightenment {unknown}
 c - 2 potions of attraction {unknown}
 f - a potion of mutation {unknown}

Dungeon Overview and Level Annotations

Branches:
Dungeon (3/15)

Altars:


Message History

You shoot a sling bullet.
You hear some strange, mumbled words.
A magic dart appears from out of thin air!
The magic dart hits you.
You shoot a sling bullet. Something hits you.
You shoot a sling bullet.
You hear some strange, mumbled words.
A puff of flame appears from out of thin air!
The puff of flame hits you.
You hear some strange, mumbled words.
Something tries to affect you, but you resist.
You shoot a sling bullet.
You feel less confused.
You hear some strange, mumbled words.
A magic dart appears from out of thin air!
The magic dart hits you!
You shoot a sling bullet. Something hits you.
You shoot a sling bullet.
You hear some strange, mumbled words.
A puff of flame appears from out of thin air!
The puff of flame hits you.
You shoot a sling bullet. Something hits you but does no damage.
You shoot a sling bullet.
You hear some strange, mumbled words.
You are confused.
Something hits you but does no damage.
You shoot a sling bullet. Something hits you but does no damage.
You shoot a sling bullet. Something hits you but does no damage.
You shoot a sling bullet.
You hear some strange, mumbled words.
A magic dart appears from out of thin air!
The magic dart hits you.
You shoot a sling bullet. Something hits you.
You die...

####### #.....#
#.###.# #.###.##
.......# ###
#.###..#########.##
#.###..?...?...{@)#
#.....##########)##
####### #.# # ... #
.... # .....# #
.....# # ......# #


There were no monsters in sight!

Vanquished Creatures
  3 adders
  A worm (D:2)
  2 dart slugs (D:1)
  2 orcs (D:3)
  A ball python (D:1)
  3 bats
  4 endoplasms
  A goblin (D:1)
  8 hobgoblins
  4 jackals (D:1)
  A quokka (D:1)
  3 kobolds
33 creatures vanquished.

Notes
Turn   | Place    | Note
-------+----------+-------------------------------------------
     0 | D:1      | qw the Gargoyle Hexslinger began the quest for the Orb.
     0 | D:1      | Reached XP level 1. HP: 12/12 MP: 2/2
     0 | D:1      | 0 ||| qw: Version: 0.3-a-51-g015441d
     0 | D:1      | 0 ||| qw: Game counter: 3838
     0 | D:1      | 0 ||| qw: Melee chars always use a shield: true
     0 | D:1      | 0 ||| qw: God list: Okawaru
     0 | D:1      | 0 ||| qw: Allow faded altars: false
     0 | D:1      | 0 ||| qw: Do Orc after clearing Dungeon:15 true
     0 | D:1      | 0 ||| qw: Do second Lair branch before Depths: true
     0 | D:1      | 0 ||| qw: Lair rune preference: random
     0 | D:1      | 0 ||| qw: Goals: Normal
     0 | D:1      | 0 ||| PLANNING D:1-11
   160 | D:1      | Reached XP level 2. HP: 16/16 MP: 3/3
   321 | D:1      | Reached skill level 3 in Ranged Weapons
   356 | D:1      | You fall into a shaft and drop 1 floor!
   517 | D:2      | 517 ||| UPGRADING to +0 ring mail.
   527 | D:2      | 527 ||| DROPPING +0 robe.
   528 | D:2      | 528 ||| UPGRADING to +0 robe of cold resistance.
   538 | D:2      | 538 ||| READING scroll labelled XIALOP QENETO.
   539 | D:2      | 539 ||| READING scroll labelled CAFOSM PETHROXO.
   540 | D:2      | 540 ||| READING scroll labelled ENYSAF INIARE.
   541 | D:2      | 541 ||| DROPPING scroll of poison.
   568 | D:1      | Reached XP level 3. HP: 18/21 MP: 4/4
   603 | D:1      | Found a faded altar of an unknown god.
  1159 | D:1      | 1159 ||| READING scroll labelled GIMPAX REUL.
  1164 | D:1      | 1164 ||| DRINKING 2 clear potions.
  1165 | D:1      | 1165 ||| DROPPING potion of brilliance.
  1894 | D:2      | 1894 ||| READING scroll labelled UNEERE WUEHYAVICZI.
  1951 | D:3      | Reached XP level 4. HP: 26/26 MP: 5/5
  2000 | D:3      | Reached skill level 4 in Ranged Weapons
  2096 | D:3      | HP: 5/26 [something/puff of flame (4)]
  2101 | D:3      | HP: 2/26 [something/magic dart (4)]
  2102 | D:3      | Slain by an orc wizard

Levels and vault maps discovered:
D:1:      scummos_arrival_star, layout_basic,
          shapermc_ecumenical_altar_totnotflames
D:2:      layout_loops_corners, minmay_misc_feat_cross, grunt_decor_clamped,
          minmay_large_rounded_square
D:3:      layout_loops_cross, gammafunk_ghost_abyssal_escape,
          reono_crystal_passage, dk_noncrumbling_2, uniq_crazy_yiuf_cottage

Skill      XL: |  1  2  3  4 |
---------------+-------------+-----
Ranged Weapons | 3 4 |  4.1
Fighting       | 2 |  2.0
Dodging        | |  1.5
Spellcasting   | |  1.0
Hexes          | |  2.6

Action                     |  1- 3 |  4- 6 || total
---------------------------+-------+-------++-------
   Fire: Sling             |   115 |    33 ||   148
    Use: Scroll            |     5 |       ||     5
         Potion            |     1 |       ||     1
 Armour: Robe              |    30 |     8 ||    38
  Dodge: Dodged            |    34 |     2 ||    36

Table legend:
 A = Non-vault XP
 B = Vault XP
 C = Vault XP percentage of total XP
 D = Non-vault monster count
 E = Vault monster count
 F = Vault count percentage of total count
                 A         B        C        D         E       F
            +---------+---------+-------+---------+---------+-------
      Total |     104 |       0 |   0.0 |      33 |       0 |   0.0
            +---------+---------+-------+---------+---------+-------
        D:1 |      43 |       0 |   0.0 |      21 |       0 |   0.0
        D:2 |      38 |       0 |   0.0 |       7 |       0 |   0.0
        D:3 |      23 |       0 |   0.0 |       5 |       0 |   0.0
            +---------+---------+-------+---------+---------+-------
